 Dungeon Crawl Stone Soup version 0.28-a0-863-g8cecda6153 (webtiles) character file.

Game seed: 15349307815584133324

2147 HazelSkye the Ruffian (level 9, -2/74 HPs)
             Began as a Yellow Draconian Transmuter on Nov 17, 2021.
             Was an Initiate of Okawaru.
             Killed from afar by a white imp (12 damage)
             ... with a puff of frost
             ... on level 6 of the Dungeon.
             The game lasted 00:25:48 (9143 turns).

HazelSkye the Ruffian (Yellow Draconian Transmuter) Turns: 9143, Time: 00:25:51

Health: -2/74      AC:  2    Str: 14    XL:     9   Next: 9%
Magic:  14/14      EV: 23    Int: 15    God:    Okawaru [......]
Gold:   266        SH:  0    Dex: 23    Spells: 11/15 levels left

rFire   . . .      SeeInvis .     - Unarmed
rCold   . . .      Faith    .   (shield currently unavailable)
rNeg    . . .      Spirit   .   (armour unavailable)
rPois   x          Reflect  .   (helmet currently unavailable)
rElec   .          Harm     .   (cloak currently unavailable)
rCorr   .          Rampage  .   (gloves currently unavailable)
Will    .....                   (boots currently unavailable)
Stlth   +++.......              (no amulet)
HPRegen 0.22/turn               o - +6 ring of dexterity
MPRegen 0.14/turn               (no ring)

@: spider-form (expiring)
A: venomous fangs, (spit acid), AC +7, tiny, unfitting armour, (cold-blooded),
(acid resistance)
a: End Transformation, Renounce Religion


You were on level 6 of the Dungeon.
You worshipped Okawaru.
Okawaru was noncommittal.
You were a venomous arachnid creature.
You visited 2 branches of the dungeon, and saw 8 of its levels.

You collected 266 gold pieces.

Inventory:

Missiles
 c - 39 poisoned darts
 h - 3 javelins
 l - 2 datura-tipped darts
Armour
 v - a +0 cloak (melded)
Jewellery
 o - a +6 ring of dexterity (left front leg)
Wands
 y - a wand of iceblast (5)
Scrolls
 a - 2 scrolls of fear
 d - 3 scrolls of identify
 e - 3 scrolls of fog {unknown}
 f - 4 scrolls of amnesia {unknown}
 j - 2 scrolls of enchant armour {unknown}
 m - 3 scrolls of magic mapping {unknown}
 r - a scroll of acquirement {unknown}
 t - a scroll of noise {unknown}
 u - a scroll of enchant weapon {unknown}
Potions
 g - 2 potions of mutation {unknown}
 i - 2 potions of attraction {unknown}
 k - a potion of lignification {unknown}
 n - 2 potions of ambrosia {unknown}
 p - 2 potions of heal wounds
 q - 2 potions of berserk rage {unknown}
 s - 2 potions of brilliance {unknown}
 w - 2 potions of haste {unknown}
 x - a potion of curing
 z - a potion of flight {unknown}


   Skills:
 + Level 5.6 Fighting
 + Level 4.8 Dodging
 - Level 3.3 Stealth
 + Level 5.7 Unarmed Combat
 + Level 3.6 Spellcasting
 + Level 5.3 Transmutations
 + Level 3.1 Ice Magic
 - Level 2.0 Poison Magic


You had 11 spell levels left.
You knew the following spells:

 Your Spells              Type           Power      Damage    Failure   Level
a - Beastly Appendage     Tmut           36%        N/A       8%          1
b - Spider Form           Tmut/Pois      13%        N/A       28%         3

Your spell library contained the following spells:

 Spells                   Type           Power      Damage    Failure   Level
 Wereblood                Tmut           18%        N/A       11%         2
 Sting                    Tmut/Pois      52%        1d5       13%         1
 Freeze                   Ice            48%        1d7       14%         1
 Ensorcelled Hibernation  Hex/Ice        14%        N/A       32%         2
 Frozen Ramparts          Ice            24%        1d4       34%         3
 Magic Dart               Conj           8%         1d3       38%         1
 Poisonous Vapours        Pois/Air       10%        N/A       38%         2
 Searing Ray              Conj           4%         2d4       50%         2
 Ice Form                 Ice/Tmut       15%        N/A       54%         4
 Olgreb's Toxic Radiance  Pois           8%         N/A       82%         4
 Hailstorm                Conj/Ice       7%         3d4       85%         4
 Fulminant Prism          Conj/Hex       1%         3d6       96%         4
 Tukima's Dance           Hex            Unusable   N/A       N/A         3

Dungeon Overview and Level Annotations

Branches:
Dungeon (7/15)             Temple (1/1) D:6

Altars:
Ashenzari
Cheibriados
Dithmenos
Elyvilon
Fedhas
Gozag
Hepliaklqana
Kikubaaqudgha
Makhleb
Nemelex Xobeh
Okawaru
Qazlal
Ru
Sif Muna
Uskayaw
Vehumet
Wu Jian
Xom
Yredelemnul
The Shining One

Annotations:
D:3 2 transporters
D:5 2 transporters, qborf's ghost, novice VSFi


Innate Abilities, Weirdness & Mutations

You are a venomous arachnid creature.
You have poisonous fangs.
You are tiny and dextrous.
Your spellcasting is less reliable in this form.
Your armour is entirely melded.
You are incapable of wielding weapons or throwing items.
((You can spit globs of acid.))
((Your golden yellow scales are hard. (AC +7)))
You cannot fit into any form of body armour.
((You are cold-blooded and may be slowed by cold attacks.))
((You are resistant to acid. (rCorr)))


Message History

The killer bee barely misses you. The killer bee completely misses you.
The killer bee misses you.
Your surroundings suddenly seem different. 3 orcs and a white imp come into view.
An orc is wielding a +0 hand axe and wearing a +1 ring mail of fire resistance.
Found a stone staircase leading up.
* * * LOW HITPOINT WARNING * * *
You feel extremely sick.
The orc shouts! x2
The orc throws a stone.
The stone completely misses you.
The orc throws a stone.
The stone misses you.
You feel much better.
You feel very sick. The orc closely misses you.
The white imp completely misses you.
A water moccasin comes into view.
Found a runed trident.
You feel very sick. The white imp completely misses you.
Your transformation is almost over.
You feel sick.
You feel sick.
You feel sick.
You feel sick.
There is a stone staircase leading up here.
You feel sick. The orc barely misses you.
You climb upwards.
You feel sick.
There is a stone staircase leading down here.
You hit the orc.
The orc is poisoned.
The orc is heavily wounded.
You feel sick. The white imp gestures at you. The puff of frost misses you.
The puff of frost hits the orc!
The orc dies!
You bite the white imp!
The white imp is poisoned.
The white imp is severely wounded.
You feel sick.
You are no longer poisoned.
The white imp gestures at you. The puff of frost hits you!
You die...

#.# #.#.### #.#
#..#.## #.#
#.###.. #.#
##.#.## #.#
####.#.## #.#
#########...#..###
#.#
#..........###....
#.#
#)#######.#.#.####
#.# #s# #.##.##
#.# #5# #.####
#.###.#######.#
#.............#
#####.#######.#
#.# #.## #.# #..#
#.# #..# #.# #..#


You could see a white imp (very poisoned).

Vanquished Creatures
  Sigmund (D:5)
  A steam dragon (D:6)
  Edmund (D:5)
  Duvessa (D:5)
  A sky beast (D:7)
  2 ogres
  2 centaurs (D:6)
  A scorpion (D:6)
  A gnoll sergeant (D:6)
  A water moccasin zombie (D:3)
  2 water moccasin skeletons (D:3)
  Dowan (D:5)
  2 killer bees (D:7)
  A howler monkey (D:7)
  A centaur zombie (D:3)
  2 hounds
  2 bullfrog zombies
  A bullfrog skeleton (D:6)
  An orc priest (D:3)
  A gnoll shaman (D:6)
  2 centaur skeletons
  An iguana (D:3)
  An orc wizard (D:6)
  A scorpion zombie (D:3)
  A killer bee zombie (D:6)
  A hound zombie (D:3)
  A hound skeleton (D:3)
  2 howler monkey zombies
  14 gnolls
  A howler monkey skeleton (D:6)
  7 adders
  A white imp (D:6)
  An ufetubus (D:6)
  2 adder skeletons (D:3)
  2 worms
  A dart slug (D:3)
  8 orcs
  4 endoplasms
  3 giant cockroaches
  5 goblins
  7 hobgoblins
  6 jackals
  5 quokkas
  8 ball pythons
  2 ball python skeletons (D:3)
  2 ball python zombies (D:3)
  5 bats
  3 frilled lizards
  A giant cockroach zombie (D:3)
  2 kobolds
  A quokka skeleton (D:3)
  7 rats
134 creatures vanquished.

Vanquished Creatures (others)
  An orc (D:6)
  2 plants (D:7)
  10 withered plants (D:3)
13 creatures vanquished.

Grand Total: 147 creatures vanquished

Notes
Turn   | Place    | Note
-------+----------+-------------------------------------------
     0 | D:1      | HazelSkye the Draconian Transmuter began the quest for the
                  | Orb.
     0 | D:1      | Reached XP level 1. HP: 16/16 MP: 3/3
     3 | D:1      | Found a faded altar of an unknown god.
   483 | D:1      | Reached XP level 2. HP: 23/23 MP: 3/5
   960 | D:1      | Reached skill level 1 in Stealth
  1403 | D:1      | Reached XP level 3. HP: 29/29 MP: 4/6
  2287 | D:2      | Reached skill level 1 in Poison Magic
  2662 | D:3      | Found a shimmering blue altar of Sif Muna.
  2688 | D:3      | Reached XP level 4. HP: 22/36 MP: 7/7
  2970 | D:3      | Reached XP level 5. HP: 30/42 MP: 6/8
  3289 | D:3      | Found a transporter.
  3305 | D:3      | Found a transporter.
  3449 | D:3      | Reached XP level 6. HP: 34/50 MP: 9/9
  3550 | D:3      | Learned a level 3 spell: Spider Form
  4568 | D:4      | You fall into a shaft and drop 1 floor!
  4568 | D:5      | Entered Level 5 of the Dungeon
  4694 | D:4      | Your scales start taking on a golden yellow colour.
  4694 | D:4      | Reached XP level 7. HP: 52/57 MP: 10/10
  4694 | D:4      | Gained mutation: You are resistant to acid. (rCorr) [Yellow
                  | Draconian growth]
  5912 | D:5      | Noticed Edmund
  5922 | D:5      | Killed Edmund
  6307 | D:5      | Noticed Sigmund
  6434 | D:5      | Noticed Dowan
  6437 | D:5      | Noticed Duvessa
  6457 | D:5      | Killed Duvessa
  6458 | D:5      | Reached skill level 1 in Ice Magic
  6458 | D:5      | Reached XP level 8. HP: 33/67 MP: 6/11
  6458 | D:5      | Killed Dowan
  6803 | D:5      | Found a transporter.
  6803 | D:5      | Noticed qborf's ghost (novice VSFi)
  6826 | D:5      | Found a transporter.
  6890 | D:5      | Killed Sigmund
  6891 | D:5      | Reached skill level 5 in Unarmed Combat
  7165 | D:6      | Reached skill level 5 in Fighting
  7931 | D:6      | Reached skill level 5 in Transmutations
  7953 | D:6      | Found a shadowy altar of Dithmenos.
  8253 | D:6      | Found a staircase to the Ecumenical Temple.
  8267 | Temple   | Entered the Ecumenical Temple
  8339 | Temple   | Became a worshipper of Warmaster Okawaru
  8965 | D:7      | Reached XP level 9. HP: 70/74 MP: 14/14
  9133 | D:7      | HP: 3/74 [poisoned by a killer bee]
  9143 | D:6      | Killed from afar by a white imp

Illustrated notes

Levels and vault maps discovered:
D:1:      dpeg_arrival_rhombi, layout_basic, ebering_ecumenical_altar_webs
D:2:      layout_basic
D:3:      gammafunk_steamed_eel, layout_loops_ring,
          mainiacjoe_overflow_tiny_flanked, serial_undead, serial_undead_d,
          serial_undead_d, serial_undead_c, serial_undead_f, serial_undead_a,
          serial_undead_b, serial_undead_a, serial_undead_b, serial_undead_d,
          serial_undead_a, minmay_misc_feat_four_crosses
D:4:      layout_gridville
D:5:      layout_layer_cave, gammafunk_ghost_arena, uniq_edmund, uniq_duvessa,
          uniq_sigmund
D:6:      layout_loops_ring, nicolae_dithmenos_through_a_glass_darkly,
          minmay_temple_entry_offerings
D:7:      layout_cave_pools, serial_park, serial_park_tiny_2, serial_park_gazebo
          [serial_park_minivault_5x5_2], serial_park_paths
          [serial_park_minivault_5x5_5], serial_park_tiny_1, uniq_maggie
Temple:   mainiacjoe_temple_coin_purse

Skill      XL: |  1  2  3  4  5  6  7  8 |
---------------+-------------------------+-----
Stealth        | 1 2 3 |  3.3
Dodging        | 2 3 4 |  4.8
Poison Magic   | 1 2 |  2.0
Fighting       | 2 3 4 5 |  5.6
Transmutations | 3 4 5 |  5.3
Unarmed Combat | 4 5 |  5.7
Ice Magic      | 1 3 |  3.1
Spellcasting   | 3 |  3.6

Action                   |  1- 3 |  4- 6 |  7- 9 || total
-------------------------+-------+-------+-------++-------
Melee: Unarmed           |   155 |   161 |   243 ||   559
       Kick              |    14 |    19 |       ||    33
       Tailslap          |    15 |    11 |    16 ||    42
       Headbutt          |     5 |    12 |       ||    17
       Punch             |     1 |       |     2 ||     3
 Cast: Beastly Appendage |    18 |     7 |       ||    25
       Spider Form       |       |     9 |    20 ||    29
  Use: Scroll            |       |     2 |     2 ||     4
       Potion            |       |       |     2 ||     2
 Stab: Sleeping          |     2 |       |     5 ||     7
       Distracted        |       |     1 |       ||     1
Armor: Skin              |    57 |    29 |    27 ||   113
Dodge: Dodged            |   109 |   114 |   245 ||   468

Table legend: (Time is in decaauts)
 A = Elapsed time spent in this place.
 B = Non-inter-level travel time spent in this place.
 C = Inter-level travel time spent in this place.
 D = Time resting spent in this place.
 E = Time spent auto-exploring this place.
 F = Levels seen in this place.
 G = Mean time per level.
                   A        B        C        D        E       F      G
               +--------+--------+--------+--------+--------+-----+--------+
         Total |   9105 |   8918 |    187 |   4065 |   2840 |   8 | 1138.1 |
       Dungeon |   8946 |   8774 |    172 |   4065 |   2760 |   7 | 1278.0 |
        Temple |    158 |    143 |     15 |      0 |     80 |   1 |  158.0 |
               +--------+--------+--------+--------+--------+-----+--------+

Top non-repeatable levels by time:
     D:5: 1930 daAuts
     D:3: 1791 daAuts
     D:1: 1562 daAuts
     D:6: 1269 daAuts
     D:2: 1088 daAuts
     D:4: 1028 daAuts
     D:7: 276 daAuts
  Temple: 158 daAuts
